 Dungeon Crawl Stone Soup version 0.30.0-19-g36f170ea60 (webtiles) character file.

Game seed: 9000313552159411485

26 Peloso the Trooper (level 2, -4/27 HPs)
             Began as a Minotaur Fighter on May 27, 2023.
             Slain by a gnoll
             ... wielding a +0 spear
              (6 damage)
             ... on level 2 of the Dungeon.
             The game lasted 00:00:58 (1048 turns).

Peloso the Trooper (Minotaur Fighter)               Turns: 1048, Time: 00:00:59

Health: -4/27      AC:  7    Str: 20    XL:     2   Next: 89%
Magic:  1/1        EV:  5    Int:  5    God:
Gold:   58         SH:  0    Dex:  9    Spells: 1/1 levels left

rFire   . . .        a - +0 long sword
rCold   . . .        c - +0 buckler
rNeg    . . .        b - +0 scale mail
rPois   .            (helmet restricted)
rElec   .            (no cloak)
rCorr   .            (no gloves)
SInv    .            (no boots)
Will    .....        (no amulet) Stlth
                     (no ring)
HPRegen 0.24/turn    (no ring)
MPRegen 0.07/turn

%: no passive effects
@: held
A: horns 2, retaliatory headbutt
a: no special abilities


You were on level 2 of the Dungeon.
You visited 1 branch of the dungeon, and saw 2 of its levels.

You collected 58 gold pieces.

Inventory:

Hand Weapons
 a - a +0 long sword (weapon)
Armour
 b - a +0 scale mail (worn)
 c - a +0 buckler (worn)
Scrolls
 e - 2 scrolls of enchant weapon {unknown}
 h - a scroll of fear {unknown}
Potions
 d - a potion of might
 f - a potion of brilliance {unknown}
 g - a potion of haste {unknown}


   Skills:
 + Level 4.0 Fighting
 + Level 3.3 Long Blades
 + Level 3.9 Armour
 + Level 3.9 Shields


You had one spell level left.
You didn't know any spells.
Your spell library was empty.

Dungeon Overview and Level Annotations

Branches:
Dungeon (2/15)

Altars:


Innate Abilities, Weirdness & Mutations

You have a pair of horns on your head.
You reflexively headbutt those who attack you in melee.


Message History

There is a stone staircase leading up here.
A worm is nearby!
You hit the worm.
The worm is lightly wounded.
The worm bites you!
You hit the worm.
You headbutt the worm, but do no damage.
The worm is lightly wounded.
You barely miss the worm.
The worm is lightly wounded.
The worm bites you!
You hit the worm. You headbutt the worm!
The worm is severely wounded.
A gnoll comes into view. It is wielding a +0 halberd.
You block the worm's attack.
The gnoll shouts!
You hit the worm but do no damage. You headbutt the worm.
The worm is severely wounded.
You hear a shout! x2
A gnoll comes into view. It is wielding a +0 flail.
The gnoll throws a throwing net.
You block the throwing net.
A gnoll comes into view. It is wielding a +0 spear.
The worm bites you but does no damage.
The gnoll moves out of view.
You hit the worm but do no damage.
The worm is severely wounded.
An adder comes into view.
The adder hisses angrily.
You hit the worm but do no damage. You headbutt the worm.
You kill the worm!
A gnoll comes into view. It is wielding a +0 spear.
The gnoll shouts!
The gnoll throws a throwing net.
The throwing net hits you.
You become entangled in the net!
You see here a throwing net.
You struggle against the net.
The gnoll hits you from afar with a +0 halberd!
* * * LOW HITPOINT WARNING * * *
A gnoll comes into view. It is wielding a +0 spear.
The gnoll hits you from afar with a +0 spear.
You die...

g# .## #. #
... #..# #.
##g###.#...
#.##S........#
.g.g........#
#..).!.....#
#(@........
#..........
#.....####
##.#.....#
.......<.#
##.##....# #.
##.### # #.#
###


You could see 4 gnolls and an adder.

Vanquished Creatures
  A worm (D:2)
  A ball python (D:1)
  2 bats (D:1)
  An endoplasm (D:1)
  3 giant cockroaches (D:1)
  3 goblins (D:1)
  A hobgoblin (D:1)
  3 kobolds (D:1)
  A quokka (D:1)
  A frilled lizard (D:1)
  4 rats (D:1)
21 creatures vanquished.

Notes
Turn   | Place    | Note
-------+----------+-------------------------------------------
     0 | D:1      | Peloso the Minotaur Fighter began the quest for the Orb.
     0 | D:1      | Reached XP level 1. HP: 19/19 MP: 0/0
   191 | D:1      | Reached XP level 2. HP: 27/27 MP: 1/1
   448 | D:1      | Reached skill level 4 in Fighting
  1048 | D:2      | Slain by a gnoll

Illustrated notes

Levels and vault maps discovered:
D:1:      saegor_arrival_simple_e, layout_basic, grunt_decor_fettered,
          minmay_hedge_maze
D:2:      layout_loops_cross, minmay_misc_feat_ornament, uniq_crazy_yiuf_cottage

Skill      XL: |  1  2 |
---------------+-------+-----
Fighting       | 4 |  4.0
Long Blades    | 3 |  3.3
Armour         | |  3.9
Shields        | |  3.9

Action                     || total
---------------------------++-------
  Melee: Long sword        ||    55
         Headbutt          ||     8
 Armour: Scale mail        ||    20
  Dodge: Dodged            ||    20
  Block: Buckler           ||    12
